Map: Curious Minds LE

Players

Solar

  • Race: Zerg Zerg
  • League: Master

RagnaroK (SHIN) - Winner!

  • Race: Zerg Zerg
  • League: Master

Event: TSL 8

VOD

Have the link to the VOD?

Description

Time

  • Played on: Dec. 11, 2021, 7:41 a.m.
  • Length: 10:58

All games in this series

Show
View Real Time Build Order
Export as new Build Order

Solar Zerg 

Build Orders: Hatch First 

Get SALT Encoding   

  12  0:00  Drone  
  13  0:12  Overlord  
  13  0:17  Drone  
  14  0:32  Drone x2  
  16  0:48  Hatchery  
  15  0:52  Drone  
  15  0:55  Drone  
  17  1:09  Spawning Pool  
  17  1:11  Extractor  
  15  1:13  Drone  
  15  1:17  Drone  
  17  1:20  Drone  
  18  1:28  Drone  
  19  1:38  Drone  
  20  1:52  Overlord  
  20  1:55  Queen  
  20  2:00  Queen  
  24  2:01  Drone x2  
  26  2:11  Metabolic Boost  
  26  2:12  Drone x2  
  28  2:22  Drone, Zergling x2  
  30  2:33  Hatchery  
  30  2:35  Drone  
  30  2:38  Zergling x2  
  30  2:42  Drone  
  32  2:45  Overlord  
  32  2:57  Drone x2  
  35  3:12  Drone  
  35  3:13  Drone, Baneling Nest  
  35  3:14  Zergling x2, Overlord  
  36  3:21  Overlord  
  36  3:30  Overlord  
  36  3:31  Evolution Chamber  
  36  3:32  Drone x2  
  36  3:33  Drone x2  
  39  3:37  Zergling x2  
  39  3:40  Drone x2  
  39  3:41  Drone x4  
  46  3:45  Queen  
  46  3:47  Zergling x2  
  50  3:58  Zerg Ground Armor Level 1  
  50  3:59  Zergling x4  
  50  4:01  Drone x2  
  50  4:02  Extractor  
  53  4:06  Roach Warren  
  53  4:07  Drone  
  53  4:09  Zergling x4  
  55  4:13  Overlord  
  55  4:16  Drone x3  
  58  4:18  Drone  
  58  4:19  Drone  
  58  4:23  Extractor  
  59  4:25  Lair  
  59  4:27  Drone  
  59  4:28  Drone  
  61  4:31  Overlord  
  61  4:34  Drone  
  61  4:36  Drone  
  61  4:37  Drone  
  64  4:43  Drone x2  
  64  4:44  Overlord  
  64  4:45  Extractor  
  65  4:48  Roach x2  
  65  4:51  Roach  
  71  4:53  Roach  
  71  4:54  Roach  
  71  4:57  Roach  
  71  4:59  Overlord  
  76  5:02  Drone  
  76  5:04  Overlord  
  77  5:11  Roach x2  
  81  5:16  Roach  
  81  5:17  Roach  
  81  5:19  Overlord  
  84  5:23  Overseer, Glial Reconstitution  
  84  5:27  Drone  
  85  5:31  Overlord  
  87  5:35  Roach  
  87  5:36  Roach  
  87  5:38  Drone  
  87  5:39  Overlord  
  90  5:50  Drone x2  
  90  5:51  Drone x4, Queen x2  
  90  5:52  Zerg Missile Weapons Level 1  
  90  5:53  Queen  
  101  5:58  Spore Crawler  
  101  5:59  Spore Crawler x2  
  101  6:01  Drone  
  100  6:04  Drone  
  100  6:05  Overlord  
  100  6:07  Drone  
  100  6:08  Drone  
  102  6:13  Drone, Spore Crawler  
  102  6:14  Drone x2  
  102  6:18  Drone  
  105  6:20  Roach x2  
  105  6:22  Overlord  
  109  6:27  Drone  
  109  6:28  Overlord  
  109  6:31  Overlord  
  109  6:32  Overlord  
  110  6:37  Infestation Pit, Overlord  
  110  6:38  Extractor  
  110  6:39  Overlord  
  108  6:41  Drone x3  
  108  6:42  Roach  
  108  6:44  Overlord  
  112  6:47  Overlord  
  112  6:56  Roach x5  
  112  6:57  Overlord  
  112  7:00  Overlord  
  122  7:05  Extractor  
  122  7:07  Drone  
  122  7:08  Drone x3, Pneumatized Carapace  
  125  7:10  Roach x2  
  125  7:15  Roach x2  
  132  7:18  Roach x2  
  136  7:24  Roach  
  136  7:26  Ravager x5  
  136  7:27  Ravager x2, Roach x2  
  146  7:31  Roach x3  
  146  7:34  Ravager  
  146  7:36  Roach  
  146  7:37  Roach x2  
  158  7:41  Roach x2  
  166  7:44  Roach x2  
  166  7:46  Roach x2  
  166  7:48  Overlord  
  170  7:53  Roach x3  
  170  7:57  Zerg Missile Weapons Level 2  
  176  8:00  Roach  
  176  8:02  Overlord  
  178  8:06  Roach x3  
  178  8:08  Overlord  
  183  8:13  Hydralisk Den  
  183  8:14  Roach  
  183  8:16  Overlord  
  178  8:27  Roach x4  
  178  8:28  Roach x4  
  178  8:37  Roach  
  172  8:42  Roach x5  
  172  8:48  Roach x3  
  174  8:51  Roach  
  158  8:56  Roach  
  158  8:57  Roach  
  142  9:05  Queen x2, Roach  
  142  9:09  Roach  
  114  9:16  Roach  
  94  9:19  Roach x4  
  92  9:25  Roach x2  
  89  9:32  Hatchery  
  88  9:41  Roach x2  
  88  9:43  Ravager x2  
  94  9:47  Ravager x3  
  94  9:50  Roach  
  99  9:56  Roach  
  99  9:59  Roach  
  98  10:01  Ravager  
  98  10:02  Roach  
  98  10:05  Roach  
  103  10:08  Roach  
  103  10:12  Roach  
  107  10:15  Roach  
  107  10:19  Hydralisk  
  111  10:22  Hydralisk  
  111  10:27  Roach  
  115  10:31  Roach  
  115  10:34  Roach  
  113  10:37  Roach  
  113  10:38  Roach x2  
Show
View Real Time Build Order
Export as new Build Order

RagnaroK Zerg - Winner!

Build Orders: Hatch First 

Get SALT Encoding   

  12  0:01  Drone  
  13  0:12  Overlord  
  13  0:17  Drone  
  14  0:31  Drone x2  
  16  0:47  Hatchery  
  15  0:50  Drone  
  15  0:55  Drone  
  17  0:58  Drone  
  18  1:10  Extractor  
  17  1:13  Spawning Pool  
  17  1:16  Drone  
  17  1:19  Drone  
  18  1:28  Drone  
  19  1:39  Drone  
  20  1:49  Drone  
  21  1:59  Queen  
  21  2:00  Drone x2, Queen  
  27  2:09  Zergling x2  
  27  2:10  Overlord  
  29  2:30  Drone x2  
  29  2:31  Drone  
  29  2:33  Drone  
  29  2:35  Queen  
  34  2:44  Drone, Overlord  
  34  2:49  Evolution Chamber  
  34  2:57  Overlord  
  34  2:58  Drone  
  35  3:04  Drone  
  36  3:07  Drone x7  
  43  3:12  Lair  
  43  3:15  Zerg Missile Weapons Level 1, Drone  
  43  3:20  Roach Warren  
  43  3:22  Drone  
  43  3:26  Drone  
  44  3:29  Evolution Chamber, Extractor  
  44  3:31  Extractor  
  44  3:32  Extractor  
  41  3:34  Drone  
  41  3:37  Drone  
  41  3:38  Drone  
  43  3:45  Drone x6  
  49  3:49  Drone  
  49  3:55  Overlord  
  50  4:00  Drone  
  51  4:04  Drone  
  52  4:10  Spire  
  52  4:14  Glial Reconstitution  
  51  4:18  Roach  
  51  4:19  Roach  
  51  4:23  Overlord  
  55  4:27  Roach x2  
  59  4:34  Overlord  
  59  4:35  Overlord  
  59  4:36  Overlord  
  59  4:42  Roach  
  59  4:43  Roach x2  
  59  4:44  Roach  
  59  4:45  Overlord  
  67  5:01  Hatchery  
  67  5:02  Overlord  
  66  5:22  Mutalisk x5  
  66  5:27  Overlord  
  76  5:32  Mutalisk  
  78  5:37  Overlord  
  78  5:38  Roach x2  
  82  5:49  Drone x4  
  86  5:51  Roach x2  
  86  5:56  Zerg Missile Weapons Level 2  
  90  6:01  Drone x2  
  90  6:02  Drone x3  
  95  6:06  Roach  
  95  6:07  Roach x2  
  95  6:10  Drone  
  102  6:12  Roach  
  102  6:16  Extractor  
  102  6:17  Roach  
  105  6:20  Overlord  
  105  6:25  Roach x2  
  109  6:29  Zerg Ground Armor Level 1  
  109  6:32  Roach  
  111  6:33  Overlord  
  111  6:36  Roach x2  
  111  6:37  Overlord  
  119  6:40  Roach x2  
  119  6:45  Drone  
  119  6:46  Drone x2  
  122  6:47  Extractor  
  122  6:48  Overlord  
  122  6:49  Drone x3  
  124  6:57  Roach  
  124  7:01  Roach  
  124  7:02  Roach x4  
  134  7:09  Roach x2  
  134  7:10  Roach  
  140  7:16  Roach x4  
  140  7:20  Roach x2  
  152  7:26  Roach  
  152  7:27  Roach  
  152  7:29  Ravager x4  
  160  7:33  Overlord x2  
  160  7:35  Roach  
  162  7:41  Overlord  
  162  7:44  Overlord  
  162  7:47  Overlord  
  162  7:52  Roach  
  162  7:53  Roach x3  
  162  7:54  Ravager x3  
  173  7:59  Roach x2  
  173  8:02  Roach x2  
  173  8:05  Roach  
  183  8:07  Roach  
  183  8:11  Roach  
  183  8:12  Roach  
  189  8:15  Roach x2  
  189  8:20  Roach x2  
  181  8:29  Roach x5  
  187  8:37  Roach x4  
  190  8:43  Roach x3  
  173  8:49  Roach x3  
  173  8:54  Roach x2  
  149  9:02  Roach  
  149  9:03  Roach x3  
  149  9:04  Roach  
  149  9:06  Roach  
  149  9:08  Roach  
  141  9:10  Roach  
  141  9:13  Roach  
  141  9:15  Roach  
  141  9:16  Roach  
  131  9:18  Roach  
  131  9:22  Roach  
  131  9:23  Roach  
  125  9:25  Roach  
  125  9:27  Roach  
  125  9:28  Drone  
  125  9:30  Drone  
  122  9:36  Roach  
  122  9:37  Queen  
  122  9:42  Ravager  
  128  9:45  Ravager x5  
  128  9:49  Roach  
  130  9:54  Roach x3  
  136  10:01  Roach x3  
  136  10:06  Roach  
  144  10:08  Roach  
  144  10:11  Roach  
  148  10:15  Roach x2  
  148  10:21  Roach x2  
  156  10:24  Roach  
  156  10:25  Roach  
  156  10:27  Roach  
  162  10:34  Roach  
  162  10:35  Roach x2  
Tags
 
Add a new tag
Caveats
  • Supply blocks, unpowered buildings, or Contaminate may cause inaccurate times.
  • Supply counts are checked every 10 seconds.